 Dungeon Crawl Stone Soup version 0.20.0-8-g6b59dc7 (webtiles) character file.

2674 Hasart the Chopper (level 9, -4/69 (71) HPs)
             Began as a Formicid Fighter on June 1, 2017.
             Was an Initiate of Okawaru.
             Slain by a yak (11 damage)
             ... on level 10 of the Dungeon.
             The game lasted 00:15:22 (7490 turns).

Hasart the Chopper (Formicid Fighter)               Turns: 7490, Time: 00:15:22

HP:   -4/69 (71)    AC: 16    Str: 24    XL:     9   Next: 95%
MP:   13/13         EV:  9    Int:  8    God:    Okawaru [......]
Gold: 412           SH: 11    Dex: 10    Spells: 8/8 levels left

rFire    . . .     SeeInvis +   a - +0 war axe
rCold    . . .     Gourm    .   c - +0 shield
rNeg     + . .     Faith    .   v - +2 scale mail {MR+}
rPois    .         Spirit   .   (helmet unavailable)
rElec    .         Reflect  .   t - +0 cloak
rCorr    .         Harm     .   w - +0 pair of gloves
MR       +....                  (no boots)
Stlth    ..........             f - amulet of magic regeneration
Regen    0.3/turn               k - ring of positive energy
MPRegen  0.2/turn               E - +4 ring of protection

@: lethally poisoned (-4 -> -6)
A: permanent stasis, dig shafts and tunnels, four strong arms, antennae 3
a: Dig, Shaft Self, Renounce Religion


You were on level 10 of the Dungeon.
You worshipped Okawaru.
Okawaru was noncommittal.
You were not hungry.

You visited 2 branches of the dungeon, and saw 9 of its levels.

You collected 545 gold pieces.
You spent 133 gold pieces at shops.

Inventory:

Hand Weapons
 a - a +0 war axe (weapon)
Armour
 c - a +0 shield (worn)
 t - a +0 cloak (worn)
 v - a +2 scale mail of magic resistance (worn)
 w - a +0 pair of gloves (worn)
Jewellery
 f - an amulet of magic regeneration (around neck)
 k - a ring of positive energy (left hand)
 E - a +4 ring of protection (right hand)
Wands
 o - a wand of iceblast (4/15)
 y - a wand of disintegration (13/24)
 I - a wand of lightning (10/15)
Scrolls
 g - 4 scrolls of remove curse
 j - 2 scrolls of blinking {unknown}
 m - 3 scrolls of identify
 n - a scroll of random uselessness
 r - 3 scrolls of teleportation {unknown}
 z - a scroll of silence {unknown}
 A - a scroll of magic mapping {unknown}
 C - a scroll of enchant weapon
Potions
 d - a potion of might
 e - a potion of lignification {unknown}
 h - 3 potions of heal wounds {unknown}
 i - a potion of curing {unknown}
 p - a potion of berserk rage {unknown}
 q - 2 potions of flight {unknown}
 s - 2 potions of haste {unknown}
 u - a potion of brilliance {unknown}
 x - a potion of mutation {unknown}
 B - a potion of magic {unknown}
Books
 b - a book of Minor Magic

   Spells                             Type                      Level
   a - Magic Dart                     Conjuration                  1
   b - Blink                          Translocation                2
   c - Call Imp                       Summoning                    2
   d - Slow                           Hexes                        2
   e - Conjure Flame                  Conjuration/Fire             3
   f - Mephitic Cloud                 Conjuration/Poison/Air       3
 D - a book of Maledictions

   Spells                             Type                      Level
   a - Corona                         Hexes                        1
   b - Ensorcelled Hibernation        Hexes/Ice                    2
   c - Confuse                        Hexes                        3
   d - Tukima's Dance                 Hexes                        3
   e - Dazzling Spray                 Conjuration/Hexes            3
 H - a book of Power

   Spells                             Type                      Level
   a - Iskenderun's Battlesphere      Conjuration/Charms           5
   b - Venom Bolt                     Conjuration/Poison           5
   c - Bolt of Magma                  Conjuration/Fire/Earth       5
   d - Iron Shot                      Conjuration/Earth            6
   e - Orb of Destruction             Conjuration                  7
   f - Spellforged Servitor           Conjuration/Summoning        7
Comestibles
 l - 4 meat rations
 F - a royal jelly
 G - a bread ration


   Skills:
 + Level 6.9 Fighting
 * Level 7.5 Axes
 + Level 6.5 Armour
 + Level 6.9 Shields
 + Level 1.9 Invocations
 + Level 5.4 Evocations


You had 8 spell levels left.
You didn't know any spells.

Dungeon Overview and Level Annotations

Branches:
Dungeon (7/15)             Temple (1/1) D:7

Altars:
Gozag
Hepliaklqana
Makhleb
Okawaru
Qazlal
Ru
Uskayaw
Vehumet
Yredelemnul
Zin
The Shining One

Shops:
D:6 ?


Innate Abilities, Weirdness & Mutations

You cannot be hasted, slowed, berserked, paralysed or teleported.
You can dig through walls and to a lower floor.
Your four strong arms can wield two-handed weapons with a shield.
You have a pair of large antennae on your head. (SInv)


Message History

You closely miss the yak.
The yak is lightly wounded.
You feel sick. The yak barely misses you.
You slash the yak!
The yak is moderately wounded.
The yak gores you.
* * * LOW HITPOINT WARNING * * *
Your shield and scale mail prevent you from hitting the yak.
The yak is moderately wounded.
You feel sick. You block the yak's attack.
You hit the yak but do no damage.
The yak is moderately wounded.
The yak gores you.
* * * LOW HITPOINT WARNING * * *
You hit the yak but do no damage.
The yak is moderately wounded.
The yak gores you!
* * * LOW HITPOINT WARNING * * *
The yak gores you!
You die...

############
#..Y@.......
#.###########
#..........(#
#...........#
#...........# {
{#Y..........#
..Y..S........+
#..##..........#
#.. #..........#


You could see a yak.

Vanquished Creatures
  The ghost of zkyp the Chopper, a novice HuCK of Xom (D:5)
  Sigmund (D:3)
  A yak (D:10)
  Menkaure (D:7)
  A water moccasin (D:10)
  A sky beast (D:5)
  A necrophage (D:5)
  4 ogres
  The ghost of Hasart the Shield-Bearer, an amateur OpFi (D:3)
  2 bullfrogs
  A scorpion (D:5)
  5 killer bees
  2 crimson imps
  A bullfrog zombie (D:6)
  A hound (D:4)
  A centaur zombie (D:7)
  3 orc priests
  Crazy Yiuf (D:3)
  A centaur skeleton (D:5)
  A bullfrog skeleton (D:7)
  2 iguanas
  3 orc wizards
  5 worker ants
  A hound skeleton (D:7)
  A worker ant zombie (D:6)
  7 adders
  A shadow imp (D:6)
  3 adder skeletons
  4 worms
  6 dart slugs
  4 leopard geckos
  16 orcs
  5 giant cockroaches
  9 goblins
  6 hobgoblins
  4 jackals
  A quokka (D:3)
  A ball python (D:1)
  6 bats
  7 frilled lizards
  A jackal skeleton (D:6)
  10 kobolds
  9 rats
143 creatures vanquished.

Vanquished Creatures (others)
  A hungry ghost (D:10)
1 creature vanquished.

Grand Total: 144 creatures vanquished

Notes
Turn   | Place    | Note
-------+----------+-------------------------------------------
     0 | D:1      | Hasart the Formicid Fighter began the quest for the Orb.
     0 | D:1      | Reached XP level 1. HP: 18/18 MP: 1/1
    75 | D:1      | Reached XP level 2. HP: 15/24 MP: 2/2
   383 | D:1      | Reached XP level 3. HP: 29/30 MP: 3/3
   658 | D:2      | Reached XP level 4. HP: 35/37 MP: 4/4
  1018 | D:2      | Reached skill level 3 in Axes
  1753 | D:3      | Reached XP level 5. HP: 25/43 MP: 5/5
  1846 | D:3      | Found a burning altar of Makhleb.
  2025 | D:3      | Found a hide-covered altar of Uskayaw.
  2025 | D:3      | Noticed Hasart's ghost (amateur OpFi)
  2356 | D:3      | Reached XP level 6. HP: 25/49 MP: 6/6
  2357 | D:3      | Reached skill level 4 in Axes
  2790 | D:3      | Killed Hasart's ghost
  2982 | D:3      | Noticed Sigmund
  2991 | D:3      | Killed Sigmund
  2991 | D:3      | Reached skill level 5 in Fighting
  2991 | D:3      | Reached skill level 5 in Axes
  2991 | D:3      | Reached skill level 5 in Shields
  2991 | D:3      | Reached XP level 7. HP: 46/56 MP: 7/7
  3280 | D:3      | Found a runed door.
  3284 | D:3      | Noticed Crazy Yiuf
  3292 | D:3      | Killed Crazy Yiuf
  3851 | D:4      | Found Yskum's Armour Emporium.
  3872 | D:4      | You fall through a shaft for 3 floors!
  3872 | D:7      | Found a stormy altar of Qazlal.
  3903 | D:6      | Reached skill level 1 in Evocations
  3903 | D:6      | Reached XP level 8. HP: 38/63 MP: 8/8
  4049 | D:6      | Reached skill level 5 in Armour
  4321 | D:5      | Entered Level 5 of the Dungeon
  5006 | D:5      | Reached skill level 6 in Axes
  5042 | D:5      | Noticed zkyp's ghost (novice HuCK)
  5061 | D:5      | Killed zkyp's ghost
  5061 | D:5      | Reached XP level 9. HP: 42/67 MP: 9/12
  5639 | D:6      | Found Meemm's Magic Scroll Boutique.
  5896 | D:6      | Bought a scroll of enchant weapon for 105 gold pieces
  5896 | D:6      | Bought a scroll of identify for 28 gold pieces
  6137 | D:6      | Reached skill level 7 in Axes
  6785 | D:6      | Reached skill level 5 in Evocations
  6887 | D:7      | Found a staircase to the Ecumenical Temple.
  6894 | Temple   | Entered the Ecumenical Temple
  6935 | Temple   | Became a worshipper of Warmaster Okawaru
  7138 | D:7      | Noticed Menkaure
  7149 | D:7      | Killed Menkaure
  7365 | D:7      | Reached skill level 1 in Invocations
  7421 | D:7      | Found a hazy altar of Hepliaklqana.
  7421 | D:7      | Found a sacrificial altar of Ru.
  7421 | D:7      | Found an opulent altar of Gozag.
  7421 | D:7      | Found a radiant altar of Vehumet.
  7444 | D:7      | Found a glowing silver altar of Zin.
  7444 | D:7      | Found a basalt altar of Yredelemnul.
  7448 | D:7      | You fall through a shaft for 3 floors!
  7448 | D:10     | Entered Level 10 of the Dungeon
  7490 | D:10     | Slain by a yak

Skill      XL: |  1  2  3  4  5  6  7  8  9 |
---------------+----------------------------+-----
Fighting       | 4 5 6 |  6.9
Axes           | 3 5 6 7 |  7.5
Shields        | 4 5 6 |  6.9
Armour         | 4 5 6 |  6.5
Evocations     | 1 4 5 |  5.4
Invocations    | 1 |  1.9

Action                   |  1- 3 |  4- 6 |  7- 9 || total
-------------------------+-------+-------+-------++-------
Melee: War axe           |    81 |   174 |   356 ||   611
Evoke: Wand              |       |       |     1 ||     1
  Use: Potion            |       |     1 |       ||     1
       Scroll            |       |       |     2 ||     2
  Eat: Chunk             |       |     6 |     5 ||    11
       Fruit             |       |       |     3 ||     3
       Bread ration      |       |       |     2 ||     2
Armor: Scale mail        |    48 |    47 |   141 ||   236
Dodge: Dodged            |    42 |    60 |   114 ||   216
Block: Shield            |    46 |    92 |   166 ||   304
